 Dungeon Crawl Stone Soup version 0.18-a0-1782-gb76a692 (webtiles) character file.

658 nubinia the Gusty (level 7, -3/32 HPs)
             Began as a Vine Stalker Air Elementalist on Apr 17, 2016.
             Was an Initiate of Vehumet.
             Slain by a sky beast (5 damage)
             ... on level 6 of the Dungeon.
             The game lasted 00:25:26 (5557 turns).

nubinia the Gusty (Vine Stalker Air Elementalist)   Turns: 5557, Time: 00:25:27

Health: -3/32      AC:  4    Str: 15    XL:     7   Next: 55%
Magic:  0/14       EV: 13    Int: 17    God:    Vehumet [......]
Gold:   307        SH:  0    Dex: 14    Spells: 4 memorised, 7 levels left

rFire  + . .     SeeInvis .     l - staff of wizardry
rCold  . . .     Gourm    .     a - +0 robe
rNeg   . . .     Faith    .     (no shield)
rPois  .         Spirit   +     u - +0 helmet
rElec  .         Dismiss  .     h - +0 cloak
rCorr  .         Reflect  .     (no gloves)
SustAt .         Harm     .     (no boots)
MR     .....                    D - amulet of regeneration
Stlth  ++........               z - ring of protection from fire
                                n - +4 ring of strength

@: repel missiles, not resistant to hostile enchantments, unstealthy
A: fangs 2, regeneration 2, magic shield, antimagic bite, no device heal 3, rot
immunity
a: Renounce Religion


You were on level 6 of the Dungeon.
You worshipped Vehumet.
Vehumet was noncommittal.
You were not hungry.

You visited 2 branches of the dungeon, and saw 7 of its levels.

You collected 307 gold pieces.

Inventory:

Hand Weapons
 g - a +0 hand axe
Armour
 a - a +0 robe (worn)
 h - a +0 cloak (worn)
 u - a +0 helmet (worn)
Magical Staves
 l - an uncursed staff of wizardry (weapon)
Jewellery
 n - a +4 ring of strength (left hand)
 z - a ring of protection from fire (right hand)
 D - an amulet of regeneration (around neck)
 J - an uncursed amulet of faith {unknown}
Wands
 G - a wand of flame (15/48)
 K - a wand of random effects (26/48)
Scrolls
 f - 4 scrolls of remove curse
 j - a scroll of random uselessness {unknown}
 k - 2 scrolls of recharging {unknown}
 v - a scroll of noise {unknown}
 x - a scroll of amnesia
 y - a scroll of teleportation
 C - a scroll of fear {unknown}
 E - 3 scrolls of identify {unknown}
 F - a scroll of enchant armour {unknown}
 I - a scroll of immolation {unknown}
Potions
 d - 3 potions of heal wounds {unknown}
 e - a potion of brilliance {unknown}
 p - a potion of cancellation {unknown}
 q - 2 potions of agility
 r - a potion of haste {unknown}
 s - 2 potions of berserk rage {unknown}
 t - 2 potions of curing {unknown}
 w - a potion of resistance {unknown}
 A - a potion of degeneration {unknown}
 B - a potion of might {unknown}
 H - a potion of flight {unknown}
 M - a potion of cure mutation {unknown}
Books
 b - a book of Air

   Spells                             Type                      Level
   a - Shock                          Conjuration/Air              1
   b - Swiftness                      Charms/Air                   2
   c - Repel Missiles                 Charms/Air                   2
   d - Static Discharge               Conjuration/Air              3
   e - Lightning Bolt                 Conjuration/Air              5
Comestibles
 c - 3 bread rations
 i - 4 meat rations
 m - a royal jelly
 o - 12 fruits


   Skills:
 + Level 0.5 Fighting
 + Level 0.5 Staves
 + Level 2.7 Dodging
 + Level 3.4 Stealth
 + Level 4.5 Spellcasting
 + Level 3.6 Conjurations
 + Level 0.2 Charms
 + Level 5.3 Air Magic


You had 7 spell levels left.
You knew the following spells:

 Your Spells              Type           Power        Failure   Level  Hunger
a - Shock                 Conj/Air       ###.         1%          1    None
b - Swiftness             Chrm/Air       ##......     4%          2    ##.....
c - Static Discharge      Conj/Air       ###.....     4%          3    ###....
r - Repel Missiles        Chrm/Air       ##....       4%          2    ##.....


Dungeon Overview and Level Annotations

Branches:
Dungeon (6/15)             Temple (1/1) D:4

Altars:
Ashenzari
Dithmenos
Elyvilon
Fedhas
Gozag
Kikubaaqudgha
Nemelex Xobeh
Okawaru
Pakellas
Ru
Vehumet
Xom
Zin
The Shining One

Annotations:
D:4 Duvessa; Grinder; grom234's ghost, amateur FoFi
D:5 Blork the orc; Menkaure; barb4r1an's ghost, novice GrFi


Innate Abilities, Weirdness & Mutations

You have extremely sharp teeth.
You heal very quickly.
When hurt, damage is shared between your health and your magic reserves.
Your bite disrupts and absorbs the magic of your enemies.
Potions and wands cannot restore your health.
You are immune to rotting.


Message History

The sky beast hits you. The sky beast shocks you.
* * * LOW HITPOINT WARNING * * *
You closely miss the sky beast.
The sky beast is heavily wounded.
The sky beast hits you.
* * * LOW HITPOINT WARNING * * *
The sky beast shocks you.
* * * LOW HITPOINT WARNING * * *
You closely miss the sky beast.
The sky beast is heavily wounded.
The sky beast hits you but does no damage.
You barely miss the sky beast. You bite the sky beast. You drain its power.
You feel invigorated.
The sky beast is heavily wounded.
The sky beast flickers out of sight!
Deactivating autopickup; reactivate with Ctrl-A.
Something hits you.
* * * LOW HITPOINT WARNING * * *
Something shocks you.
You die...

...#......#
..###....#.## .#
........(##.# .#
#[).).#..#..# .#
#.._..##..#.# .#
#.)...#...#.#####.####.
............ยง).g.......
..###...#######{#.####
...#...## #.....@.#
#.....## #.###.### #.###
#.# #. #.# #.# #.# #.#
..


You could see a gnoll.

Vanquished Creatures
  An ogre (D:6)
  A giant frog (D:4)
  A scorpion (D:5)
  A quasit (D:6)
  A centaur zombie (D:5)
  A giant frog skeleton (D:6)
  2 iguanas (D:4)
  2 centaur skeletons (D:6)
  4 worker ants (D:4)
  A hound skeleton (D:6)
  Robin (D:2)
  6 adders
  A worm (D:2)
  2 giant geckos (D:2)
  5 giant cockroaches
  14 goblins
  8 hobgoblins
  6 jackals
  8 kobolds
  6 quokkas
  5 bats
  6 giant newts
  8 rats
91 creatures vanquished.

Notes
Turn   | Place    | Note
--------------------------------------------------------------
     0 | D:1      | nubinia the Vine Stalker Air Elementalist began the quest for the Orb.
     0 | D:1      | Reached XP level 1. HP: 9/9 MP: 4/4
   228 | D:1      | Reached XP level 2. HP: 13/13 MP: 1/6
   280 | D:1      | Learned a level 2 spell: Repel Missiles
   841 | D:2      | Noticed Robin
  1007 | D:2      | Reached XP level 3. HP: 16/16 MP: 5/7
  1459 | D:2      | Killed Robin
  1459 | D:2      | Reached XP level 4. HP: 18/21 MP: 1/9
  1587 | D:2      | Found a sparkling altar of Nemelex Xobeh.
  2172 | D:3      | Reached skill level 4 in Air Magic
  2299 | D:3      | Found an opulent altar of Gozag.
  2903 | D:3      | Learned a level 2 spell: Swiftness
  2907 | D:3      | Learned a level 3 spell: Static Discharge
  2940 | D:3      | Reached XP level 5. HP: 24/24 MP: 8/10
  3176 | D:4      | Found a staircase to the Ecumenical Temple.
  3213 | Temple   | Entered the Ecumenical Temple
  3509 | D:4      | Found a radiant altar of Vehumet.
  3532 | D:4      | Became a worshipper of Vehumet
  3607 | D:4      | Noticed grom234's ghost (amateur FoFi)
  3621 | D:5      | Entered Level 5 of the Dungeon
  3639 | D:5      | Noticed Menkaure
  3799 | D:4      | Gained mutation: You heal very quickly. [Vine Stalker growth]
  3799 | D:4      | Reached XP level 6. HP: 26/29 MP: 4/12
  4150 | D:4      | Noticed Grinder
  4298 | D:4      | Noticed Duvessa
  4425 | D:5      | Noticed Blork the orc
  4773 | D:5      | Noticed barb4r1an's ghost (novice GrFi)
  4796 | D:4      | Reached skill level 5 in Air Magic
  4796 | D:4      | Reached XP level 7. HP: 31/32 MP: 6/13
  5521 | D:6      | Found an iron altar of Okawaru.
  5557 | D:6      | Slain by a sky beast

Vault maps used:
D:1:      enne_arrival_octagon_isle
D:2:      first_bread, grunt_ministairs_8, dk_vineyard_3,
          nemelex_diamond_rough_becter, uniq_robin
D:3:      lemuel_round_altar, hangedman_decor_lopped, hex_tiny,
          serial_park_tiny_1, minmay_misc_feat_pillars
D:4:      lemuel_crystal_altar, temple_statues, uniq_duvessa, uniq_grinder
D:5:      serial_shops, nicolae_shop_stone, lemuel_angel_altar,
          uniq_blork_the_orc, uniq_menkaure
D:6:      nicolae_overflow_crystal_walls, okawaru_ov_weapons_minmay
Temple:   oiseaux_autumnal_temple_12

Skill      XL: |  1  2  3  4  5  6  7 |
---------------+----------------------+-----
Dodging        | 2 |  2.7
Spellcasting   | 3 4 |  4.5
Air Magic      | 4 5 |  5.3
Conjurations   | 2 3 |  3.6
Stealth        | 3 |  3.4
Fighting       | |  0.5
Staves         | |  0.5
Charms         | |  0.2

Action                   |  1- 3 |  4- 6 |  7- 9 || total
-------------------------+-------+-------+-------++-------
Melee: Unarmed           |     6 |       |       ||     6
       Bite              |     6 |     2 |     5 ||    13
       Hand axe          |    12 |       |       ||    12
       Staff             |     9 |     8 |    15 ||    32
 Cast: Shock             |    77 |   120 |    47 ||   244
       Repel Missiles    |     2 |       |     1 ||     3
  Use: Scroll            |     1 |     3 |       ||     4
       Potion            |       |     1 |       ||     1
  Eat: Chunk             |     3 |    10 |     2 ||    15
Armor: Robe              |    14 |     7 |     8 ||    29
Dodge: Dodged            |    29 |    32 |    23 ||    84
       Deflected         |     1 |     1 |     1 ||     3
